 Dungeon Crawl Stone Soup version 0.14.0-6-g1bc2dff (webtiles) character file.

182 Kejsarherre the Skirmisher (level 4, -3/38 HPs)
             Began as a Formicid Monk on Apr 12, 2014.
             Killed by divine providence
             ... invoked by an orc priest
              (10 damage)
             ... on Level 3 of the Dungeon.
             The game lasted 00:04:05 (1920 turns).

Kejsarherre the Skirmisher (Formicid Monk)          Turns: 1920, Time: 00:04:05

HP  -3/38        AC  6     Str 16      XL: 4   Next: 44%
MP   5/5         EV  9     Int 10      God:
Gold 112         SH  0     Dex 13      Spells:  0 memorised,  3 levels left

rFire  . . .     SeeInvis +     c - +1,+3 hand axe
rCold  . . .     Clarity  .     i - +0 ring mail {MR+}
rNeg   . . .     Conserve .     (no shield)
rPois  .         rCorr    .     (helmet unavailable)
rElec  .         rRot     .     (no cloak)
SustAb . .       Spirit   .     n - +0 pair of gloves
rMut   .         Warding  .     (no boots)
Gourm  +         Stasis   +     a - amulet of the gourmand
MR     +....                    (no ring)
                                (no ring)

@: somewhat resistant to hostile enchantments, unstealthy
A: permanent stasis, dig shafts and tunnels, four strong arms, antennae 3
a: Dig, Shaft Self


You were on level 3 of the Dungeon.
You were completely stuffed.

You visited 1 branch of the dungeon, and saw 3 of its levels.

You collected 112 gold pieces.

Inventory:

Hand weapons
 c - a +1,+3 hand axe (weapon)
Armour
 i - a +0 ring mail of magic resistance (worn)
 n - a +0 pair of gloves (worn)
Comestibles
 b - 3 bread rations
 k - a meat ration
 p - an apple
 q - a lychee
 r - a banana
Scrolls
 d - 7 scrolls of identify {unknown}
 e - a scroll of enchant armour {unknown}
 g - a scroll of enchant weapon I {unknown}
 h - 2 scrolls of enchant weapon II {unknown}
 l - a scroll of noise {unknown}
 o - a scroll of remove curse {unknown}
 s - a scroll of immolation {unknown}
 t - a scroll of amnesia {unknown}
 u - a scroll of recharging {unknown}
 w - a scroll of magic mapping {unknown}
Jewellery
 a - an amulet of the gourmand (around neck)
 v - an uncursed ring of ice
Potions
 f - 2 potions of agility
 j - a potion of restore abilities {unknown}
 m - a potion of resistance {unknown}
 x - a potion of haste {unknown}


   Skills:
 + Level 4.8 Fighting
 + Level 2.0 Axes
 - Level 2.6 Dodging
 - Level 2.4 Stealth
 - Level 4.0 Unarmed Combat


You had 3 spell levels left.
You didn't know any spells.

Dungeon Overview and Level Annotations

Branches:
Dungeon (3/15)

Altars:


Innate Abilities, Weirdness & Mutations

Your are under a permanent stasis effect.
You can dig through walls and to a lower floor.
Your four strong arms can wield two-handed weapons with a shield.
You have a pair of large antennae on your head (SInv).


Message History

There is an open door here.
You open the door.
There is an open door here.
There is an open door here.
You open the door.
A goblin, an orc and an orc priest come into view.
The goblin shouts!
The orc priest shouts!
The goblin moves out of view.
Found a stone staircase leading up.
A goblin comes into view. It is wielding a club.
There are monsters nearby!
There are monsters nearby!
There are monsters nearby!
The orc priest invokes the aid of Beogh against you.
Something smites you!
* * * LOW HITPOINT WARNING * * *
There is a stone staircase leading up here.
The orc priest mumbles some strange prayers to Beogh against you.
Something smites you!
You die...

#........####.......
#........'.##......(
#........#..#.......
#........##.'.......
#........####.......
######'### #.......
##.# #....... ###..#
#####+## #@..##
#.### #.# #'# <.g
#.... #.o... #..o...
#.......


You could see an orc priest, an orc and a goblin.

Vanquished Creatures
  3 adders
  An ooze (D:3)
  2 giant cockroaches
  4 goblins
  5 hobgoblins
  3 kobolds
  8 bats
  2 giant newts
  6 jackals
  9 rats
43 creatures vanquished.

Notes
Turn   | Place    | Note
--------------------------------------------------------------
     0 | D:1      | Kejsarherre, the Formicid Monk, began the quest for the Orb.
     0 | D:1      | Reached XP level 1. HP: 18/18 MP: 1/1
    49 | D:1      | Reached XP level 2. HP: 15/25 MP: 3/3
   787 | D:2      | Reached XP level 3. HP: 4/31 MP: 4/4
  1209 | D:2      | Reached skill level 1 in Axes
  1567 | D:2      | Reached XP level 4. HP: 34/38 MP: 5/5
  1920 | D:3      | Killed from afar by an orc priest

Action                   |  1- 3 |  4- 6 || total
-------------------------+-------+-------++-------
Melee: Unarmed           |    25 |       ||    25
       Hand axe          |    74 |    41 ||   115
  Use: Potion            |     1 |       ||     1
 Stab: Sleeping          |     1 |       ||     1
